 Dungeon Crawl Stone Soup version 0.30-a0-919-g9323dee000 (webtiles) character file.

Game seed: 857994873187640065

33383 Kalkom the Severer (level 13, 0/135 HPs)
             Began as a Minotaur Berserker on Sept 21, 2020.
             Was the Champion of Trog.
             Succumbed to a water moccasin's poison
             ... on level 5 of the Lair of Beasts on Mar 21, 2023.
             The game lasted 00:53:21 (17774 turns).

Kalkom the Severer (Minotaur Berserker)            Turns: 17774, Time: 00:53:22

Health: 0/135      AC: 19    Str: 36    XL:     13   Next: 36%
Magic:  12/12      EV: 10    Int:  8    God:    Trog [******]
Gold:   1172       SH:  0    Dex: 10    Spells: 12/12 levels left

rFire   + . .      SeeInvis .    r - +0 executioner's axe (heavy)
rCold   + . .      Faith    +    (shield currently unavailable)
rNeg    . . .      Spirit   .    u - +1 chain mail of the Bagpipe {Str+2}
rPois   .          Reflect  .    (helmet restricted)
rElec   .          Rampage  .    C - +0 cloak
rCorr   .                        I - +1 pair of gloves {Str+3}
Will    .....                    D - +0 pair of boots Stlth
                                 a - amulet of faith
HPRegen 0.42/turn                l - +6 ring of strength
MPRegen 0.13/turn                U - ring of protection from cold

@: lethally poisoned (0 -> -11)
A: horns 2, retaliatory headbutt, hooves 1, clever 1, fire resistance 1, robust
1
a: Renounce Religion, Berserk, Trog's Hand, Brothers in Arms


You were on level 5 of the Lair of Beasts.
You worshipped Trog.
Trog was exalted by your worship.
You visited 2 branches of the dungeon, and saw 16 of its levels.
You also visited: Ice Cave.

You collected 1235 gold pieces.
You spent 63 gold pieces at shops.

Inventory:

Hand Weapons
 q - a +1 antimagic hand axe
 r - a +0 heavy executioner's axe (weapon)
 A - the +6 mace of the Priest {heavy, rElec Int+2}
   (You found it on level 5 of the Dungeon)

   Int:       It affects your intelligence (+2).
   rElec:     It insulates you from electricity.
 N - a +4 war axe of flaming
Armour
 d - a scarf of harm
 o - a +0 plate armour
 u - the +1 chain mail of the Bagpipe (worn) {Str+2}
   (You found it on level 3 of the Lair of Beasts)

   Str:       It affects your strength (+2).
 C - a +0 cloak (worn)
 D - a +0 pair of boots (worn)
 I - a +1 pair of gloves of strength (worn)
 L - a +1 scale mail of willpower
 Z - a +2 buckler
Jewellery
 a - an amulet of faith (around neck)
 e - a ring of see invisible {unknown}
 l - a +6 ring of strength (left hand)
 K - a ring of poison resistance {unknown}
 O - an amulet of reflection
 U - a ring of protection from cold (right hand)
 X - an amulet of reflection
 Y - a ring of positive energy
Wands
 E - a wand of charming (8) (quivered)
 M - a wand of mindburst (7)
 P - a wand of paralysis (11)
 Q - a wand of removedness (27)
 R - a wand of iceblast (12)
 S - a wand of flame (23)
Scrolls
 b - 4 scrolls of fog
 j - 2 scrolls of fear
 m - 4 scrolls of amnesia
 p - 3 scrolls of teleportation
 s - 5 scrolls of enchant weapon {unknown}
 t - 9 scrolls of removedness
 w - a scroll of removedness
 y - 4 scrolls of enchant armour
 F - a scroll of immolation
 G - 5 scrolls of identify
 J - 2 scrolls of magic mapping {unknown}
 T - a scroll of silence {unknown}
 V - a scroll of blinking {unknown}
 W - a scroll of vulnerability {unknown}
Potions
 c - 5 potions of curing
 f - 3 potions of invisibility {unknown}
 g - 5 potions of might
 h - 3 potions of brilliance
 i - 8 potions of haste
 k - 3 potions of resistance
 n - 2 potions of mutation
 v - a potion of degeneration {unknown}
 x - a potion of ambrosia {unknown}
 z - 4 potions of heal wounds {unknown}
 B - 2 potions of lignification {unknown}
 H - 2 potions of attraction {unknown}


   Skills:
 * Level 13.7 Fighting
 * Level 18.6(18.7) Axes
 - Level 4.0(12.8) Maces & Flails
 + Level 12.1 Armour
 - Level 3.8 Dodging
 - Level 1.1 Stealth
 + Level 2.3 Shields
 * Level 5.7 Evocations


You had 12 spell levels left.
You didn't know any spells.
Your spell library was empty.

Dungeon Overview and Level Annotations

Branches:
Dungeon (11/15)            Temple (0/1) D:4            Lair (5/6) D:10
  Swamp (0/4) Lair:2        Snake (0/4) Lair:3        IceCv (visited)
  Slime: Lair:4-5       Orc: D:9-12

Altars:
Dithmenos
Zin

Shops:
D:5 [   D:9 [   D:11 (

Portals:
Trove: D:11 (give 15 potions of curing)

Annotations:
D:10 treppe in 11


Innate Abilities, Weirdness & Mutations

You have a pair of horns on your head.
You reflexively headbutt those who attack you in melee.
You have large cloven feet.
Your mind is acute. (Int +4, Str/Dex -1)
Your flesh is heat resistant. (rF+)
You are robust. (+10% HP)


Message History

You headbutt the skyshark, but do no damage.
The skyshark is almost dead.
You barely miss the komodo dragon. You slash the water moccasin!
You feel very sick.
You hear a loud, deep croak!
You hear a bellow!
The water moccasin bites you.
You are more poisoned.
The water moccasin poisons you! The skyshark bites you.
The skyshark tail-slaps you.
The skyshark tail-slaps you but does no damage.
The komodo dragon bites you but does no damage.
The water moccasin bites you but does no damage.
The blink frog blinks!
The skyshark bites you! The skyshark tail-slaps you.
The skyshark tail-slaps you but does no damage.
The komodo dragon bites you!
A slime creature comes into view.
You feel very sick.
The slime creature quivers.
The water moccasin bites you. The skyshark bites you!
* * * LOW HITPOINT WARNING * * *
The skyshark closely misses you. x2
A blink frog comes into view.
The water moccasin closely misses you. You furiously retaliate!
You headbutt the water moccasin. The skyshark attacks as you move away!
The skyshark bites you!
* * * LOW HITPOINT WARNING * * *
The skyshark barely misses you. x2
The blink frog attacks as you move away!
The blink frog barely misses you.
* * * LOW HITPOINT WARNING * * *
You feel very sick. The water moccasin closely misses you.
The blink frog blinks!
The skyshark bites you!
* * * LOW HITPOINT WARNING * * *
The skyshark tail-slaps you.
* * * LOW HITPOINT WARNING * * *
The skyshark barely misses you.
The blink frog blinks!
The blink frog closely misses you.
There is a stone staircase leading down here.
You die...

..#....
######..Y#J.
##...#.#.+.##.
#.#......Y....
#..........#
#....FF.ยง.###
#...FlSl....#
#...#...>....###
... +...@....P#
. #.........##
#....$.F..#
##........#
##....#.##
##P.#### ####


You could see a skyshark (berserk), 2 elephants, a slime creature, a komodo
dragon, 4 blink frogs and a water moccasin.

Vanquished Creatures
  3 hydras
  The ghost of PirateVox the Destroyer, a journeyman GnCj of Sif Muna (D:10)
  2 death yaks (Lair:5)
  An unseen horror (D:11)
  Pikel (D:5)
  4 elephants (Lair:3)
  3 black mambas
  9 cane toads
  A torpor snail (Lair:5)
  7 rime drakes
  10 komodo dragons
  2 tengu conjurers (D:10)
  2 trolls (D:9)
  2 polar bears (Lair:5)
  Grinder (D:4)
  A hornet (D:4)
  3 blink frogs (Lair:1)
  6 removed hippogriffs
  2 wyverns
  Grum (D:11)
  21 yaks
  3 basilisks
  A steam dragon (D:11)
  2 swamp worms (Lair:2)
  An acid dragon (D:11)
  2 nagas (Lair:3)
  9 water moccasins
  Duvessa (D:4)
  15 removed porcupines
  A black bear (D:11)
  Pargi (D:3)
  15 ice beasts
  6 orc warriors
  3 sky beasts
  A removed eye of draining (D:9)
  A phantom (D:7)
  A necrophage (D:6)
  21 wolves
  A centaur (D:5)
  5 ogres
  3 lemures
  9 removed crocodiles
  A kobold brigand (D:11)
  14 bullfrogs
  A wyvern zombie (D:10)
  Dowan (D:4)
  A wyvern skeleton (D:10)
  3 scorpions
  3 killer bees
  3 wights (D:9)
  An electric eel (Lair:1)
  3 howler monkeys
  A centaur zombie (D:10)
  3 bullfrog zombies
  2 hounds (D:6)
  2 quasits
  Crazy Yiuf (D:5)
  4 orc priests
  A bullfrog skeleton (D:6)
  2 centaur skeletons
  2 jellies
  11 orc wizards
  2 iguanas
  11 removed worker ants
  A hound zombie (D:11)
  A hound skeleton (D:5)
  2 removed worker ant zombies (D:11)
  14 adders
  2 howler monkey skeletons
  4 white imps
  2 ufetubi
  An endoplasm (D:3)
  2 adder zombies
  An adder skeleton (D:8)
  5 worms
  51 orcs
  5 removed leopard geckos
  A ball python (D:5)
  4 giant cockroaches
  8 goblins
  11 hobgoblins
  9 jackals
  3 quokkas
  6 bats
  7 frilled lizards
  10 kobolds
  4 rats
412 creatures vanquished.

Vanquished Creatures (others)
  25 fungi
  39 plants
64 creatures vanquished.

Grand Total: 476 creatures vanquished

Notes
Turn   | Place    | Note
-------+----------+-------------------------------------------
     0 | D:1      | Kalkom the Minotaur Berserker began the quest for the Orb.
     0 | D:1      | Reached XP level 1. HP: 19/19 MP: 0/0
   330 | D:1      | Reached skill level 4 in Axes
   330 | D:1      | Reached XP level 2. HP: 27/27 MP: 1/1
  1057 | D:2      | Reached XP level 3. HP: 22/33 MP: 2/2
  1249 | D:2      | Reached ** piety under Trog
  1527 | D:2      | Reached XP level 4. HP: 41/41 MP: 3/3
  1850 | D:3      | Reached skill level 5 in Axes
  1910 | D:3      | Noticed Purgy
  1918 | D:3      | Killed Purgy
  1918 | D:3      | Reached skill level 5 in Fighting
  1918 | D:3      | Reached skill level 1 in Stealth
  1918 | D:3      | Reached XP level 5. HP: 48/48 MP: 4/4
  2048 | D:3      | Reached skill level 6 in Axes
  2048 | D:3      | Reached XP level 6. HP: 56/56 MP: 5/5
  2051 | D:3      | Reached *** piety under Trog
  2428 | D:4      | Found a staircase to the Ecumenical Temple.
  2580 | D:4      | Reached skill level 7 in Axes
  2768 | D:4      | Noticed Dowan
  2768 | D:4      | Noticed Duvessa
  2776 | D:4      | Killed Duvessa
  2776 | D:4      | Reached XP level 7. HP: 61/61 MP: 6/6
  2787 | D:4      | Killed Dowan
  3152 | D:4      | Noticed Grinder
  3179 | D:5      | Entered Level 5 of the Dungeon
  3185 | D:5      | Reached skill level 8 in Axes
  3501 | D:4      | Found a shadowy altar of Dithmenos.
  3596 | D:4      | Noticed a hornet
  3599 | D:4      | Killed Grinder
  3604 | D:4      | Paralysed by a hornet for 1 turns
  3609 | D:4      | Paralysed by a hornet for 2 turns
  3613 | D:4      | Killed a hornet
  3613 | D:4      | Reached skill level 9 in Axes
  3613 | D:4      | Reached skill level 5 in Armour
  3613 | D:4      | Reached XP level 8. HP: 9/70 MP: 7/7
  3614 | D:4      | Gained mutation: You have large cloven feet. [potion of
                  | mutation]
  3614 | D:4      | Gained mutation: You are robust. (+10% HP) [potion of
                  | mutation]
  3614 | D:4      | Gained mutation: Your mind is acute. (Int +4, Str/Dex -1)
                  | [potion of mutation]
  3614 | D:4      | Gained mutation: Your flesh is heat resistant. (rF+)
                  | [potion of mutation]
  3615 | D:4      | HP: 1/77 [poisoned by a hornet]
  4178 | D:5      | Found a runed translucent door.
  4179 | D:5      | Noticed Crazy Yiuf
  4187 | D:5      | Killed Crazy Yiuf
  4192 | D:5      | Got a shimmering mace
  4212 | D:5      | Identified the +6 mace of the Priest {vorpal, rElec Int+2}
                  | (You found it on level 5 of the Dungeon)
  4375 | D:5      | Found Isacs's Armour Shoppe.
  4392 | D:5      | Bought a +0 pair of boots for 63 gold pieces
  4422 | D:5      | Noticed Pikel
  4579 | D:5      | Killed Pikel
  4581 | D:5      | Reached **** piety under Trog
  4911 | D:5      | Reached skill level 10 in Axes
  5355 | D:6      | Reached XP level 9. HP: 72/85 MP: 8/8
  6370 | D:7      | Reached ***** piety under Trog
  6370 | D:7      | Reached skill level 11 in Axes
  6774 | D:7      | Found a glowing silver altar of Zin.
  7036 | D:8      | Received a gift from Trog
  7037 | D:8      | Reached skill level 12 in Axes
  7327 | D:8      | Reached XP level 10. HP: 96/96 MP: 9/9
  7994 | D:9      | Found Tunt's Armour Emporium.
  8341 | D:10     | Entered Level 10 of the Dungeon
  8387 | D:10     | Reached skill level 13 in Axes
  8527 | D:10     | Reached skill level 1 in Evocations
  8553 | D:10     | Found a staircase to the Lair.
  8589 | D:10     | Reached skill level 14 in Axes
  9055 | D:10     | Found a runed translucent gate.
  9056 | D:10     | Noticed PirateVox's ghost (journeyman GnCj)
  9056 | D:10     | Found a runed translucent gate.
  9057 | D:10     | Found a runed translucent gate.
  9058 | D:10     | Found a roughly hewn altar of Beogh.
  9058 | D:10     | Identified the +7 chain mail of the Wumpus {rF+ rC+ Regen+
                  | Dex-3}
  9104 | D:10     | Reached XP level 11. HP: 108/108 MP: 10/10
  9398 | D:10     | Killed PirateVox's ghost
  9400 | D:10     | Reached skill level 10 in Fighting
  9480 | D:10     | Got a crude robe
  9526 | D:10     | Identified the +1 robe of the Spheres {rN+} (You found it
                  | on level 10 of the Dungeon)
 10013 | D:11     | Found a frozen archway.
 10038 | IceCv    | Entered an ice cave
 10053 | IceCv    | Reached ****** piety under Trog
 10134 | IceCv    | Received a gift from Trog
 10314 | IceCv    | Reached skill level 1 in Shields
 10316 | IceCv    | Reached skill level 15 in Axes
 11057 | D:11     | Killed an unseen horror
 11366 | D:11     | Reached skill level 10 in Armour
 11420 | D:11     | Noticed Grum
 11429 | D:11     | Killed Grum
 11494 | D:11     | Found Tosywuj's Weapon Shop.
 11495 | D:11     | Found a portal to a secret trove of treasure.
 11960 | Lair:1   | Entered Level 1 of the Lair of Beasts
 13120 | Lair:2   | Noticed a five-headed hydra
 13132 | Lair:2   | Killed a three-headed hydra
 13255 | Lair:2   | Found a staircase to the Swamp.
 13264 | Lair:2   | Reached XP level 12. HP: 100/121 MP: 11/11
 14285 | Lair:3   | Noticed a five-headed hydra
 14312 | Lair:3   | Received a gift from Trog
 14312 | Lair:3   | Reached skill level 16 in Axes
 14313 | Lair:3   | Killed a two-headed hydra
 14464 | Lair:3   | Found a staircase to the Snake Pit.
 14678 | Lair:3   | Got a spiked chain mail
 14705 | Lair:3   | Identified the +1 chain mail of the Bagpipe {Str+2} (You
                  | found it on level 3 of the Lair of Beasts)
 14859 | Lair:3   | Reached skill level 5 in Evocations
 16110 | Lair:4   | Reached skill level 17 in Axes
 16273 | Lair:4   | Reached XP level 13. HP: 130/130 MP: 12/12
 16406 | Lair:4   | Found a dark tunnel.
 17272 | Lair:4   | Reached skill level 18 in Axes
 17272 | Lair:4   | Upgraded the game from 0.26-a0-642-g67e99244d3 to
                  | 0.28-a0-664-gc179e30c89
 17272 | Lair:4   | Upgraded the game from 0.28-a0-664-gc179e30c89 to
                  | 0.30-a0-782-ge64f9170bb
 17302 | Lair:4   | Upgraded the game from 0.30-a0-782-ge64f9170bb to
                  | 0.30-a0-919-g9323dee000
 17342 | Lair:5   | Received a gift from Trog
 17773 | Lair:5   | HP: 2/135 [skyshark (5)]
 17774 | Lair:5   | Succumbed to a water moccasin's poison

Illustrated notes

Levels and vault maps discovered:
D:1:      tarquinn_simple_flora_water_c, layout_basic, serial_forest,
          infiniplex_forest_zigzag_1, infiniplex_forest_clump_small,
          infiniplex_forest_lined_2, infiniplex_forest_end_1,
          infiniplex_forest_lined_corner, infiniplex_forest_clump_large,
          infiniplex_forest_clump_curved, infiniplex_forest_lined_2
D:2:      layout_loops_ring, wad_floor_pattern_untrapped
D:3:      layout_rooms, minmay_unequal, uniq_purgy
D:4:      layout_rooms, minmay_temple_entry_butterflies,
          corexii_leaking_fountain, grunt_dithmenos_smoke_and_mirrors,
          uniq_duvessa, uniq_grinder
D:5:      lemuel_ice_spiral_2, layout_basic, serial_shops, shop, uniq_pikel,
          uniq_crazy_yiuf_cottage
D:6:      layout_gridville
D:7:      layout_basic, zin_treasury
D:8:      layout_rooms
D:9:      layout_gridville, serial_shops, nicolae_shop_waterfront
D:10:     layout_basic, minmay_lair_entry_grove, biasface_ghost_orc_armoury,
          nicolae_straight_to_the_point
D:11:     layout_roguey, nicolae_trove_entry_free_sample, serial_shops,
          shop_fountains, portal_ice_cave_rime, kennysheep_generic_room_10,
          uniq_grum
Lair:1:   layout_cave_pods, serial_bayou_ford_a, lemuel_fruit_fields,
          serial_bayou_shore_b
Lair:2:   layout_big_grid, swamp_mist, worms_lemuel, lemuel_fruit_tree
Lair:3:   wad_woods_04, layout_cellular_growth, guppyfry_snake_entry_island,
          beast_lair_carwin_1
Lair:4:   layout_cave_pods, enter_volcano_1, grunt_megastairs_5
Lair:5:   layout_roguey, minmay_slime_entry_pillars,
          chequers_serial_rivers_room_a

Skill      XL: |  1  2  3  4  5  6  7  8  9 10 11 12 13 |
---------------+----------------------------------------+-----
Axes           | 4 5 6 7 9 10 12 14 15 17 18 | 18.6
Fighting       | 4 5 6 8 9 11 12 13 | 13.7
Armour         | 3 5 7 8 9 10 11 12 | 12.1
Dodging        | 3 |  3.8
Stealth        | 1 |  1.1
Maces & Flails | 3 4 |  4.0
Evocations     | 2 3 5 |  5.7
Shields        | 1 2 |  2.3

Action                     |  1- 3 |  4- 6 |  7- 9 | 10-12 | 13-15 || total
---------------------------+-------+-------+-------+-------+-------++-------
  Melee: Hand axe          |    80 |    98 |       |       |       ||   178
         Headbutt          |    17 |    26 |    52 |    98 |    10 ||   203
         War axe           |       |    35 |    96 |   341 |       ||   472
         Mace              |       |       |    57 |       |       ||    57
         Kick              |       |       |    10 |       |       ||    10
         Battleaxe         |       |       |    82 |       |       ||    82
         Executioner's axe |       |       |       |    93 |    63 ||   156
 Invoke: Berserk           |     1 |     3 |     3 |     9 |     2 ||    18
         Trog's Hand       |       |     1 |     1 |     2 |       ||     4
    Use: Potion            |       |       |     3 |       |       ||     3
         Scroll            |       |       |     4 |     2 |     4 ||    10
   Stab: Sleeping          |     1 |       |       |       |       ||     1
 Armour: Animal skin       |    14 |       |       |       |       ||    14
         Ring mail         |     5 |       |       |       |       ||     5
         Plate armour      |       |    86 |   174 |   200 |       ||   460
         Chain mail        |       |       |       |    52 |    63 ||   115
  Dodge: Dodged            |    44 |    52 |   118 |   193 |    71 ||   478
  Block: Buckler           |       |       |       |    45 |       ||    45

Table legend: (Time is in decaauts)
 A = Elapsed time spent in this place.
 B = Non-inter-level travel time spent in this place.
 C = Inter-level travel time spent in this place.
 D = Time resting spent in this place.
 E = Time spent auto-exploring this place.
 F = Levels seen in this place.
 G = Mean time per level.
                   A        B        C        D        E       F      G
               +--------+--------+--------+--------+--------+-----+--------+
         Total |  18000 |  17610 |    390 |   5428 |   8230 |  17 | 1058.8 |
       Dungeon |  11425 |  11181 |    244 |   3022 |   5656 |  11 | 1038.6 |
          Lair |   5920 |   5775 |    145 |   2083 |   2409 |   5 | 1184.0 |
      Ice Cave |    655 |    655 |      0 |    323 |    165 |   1 |  655.0 |
               +--------+--------+--------+--------+--------+-----+--------+

Top non-repeatable levels by time:
  Lair:3: 1769 daAuts
    D:11: 1499 daAuts
     D:4: 1473 daAuts
    D:10: 1462 daAuts
     D:5: 1461 daAuts
  Lair:4: 1281 daAuts
  Lair:2: 1225 daAuts
  Lair:1: 1163 daAuts
     D:6: 1010 daAuts
     D:9: 977 daAuts
     D:2: 923 daAuts
     D:1: 842 daAuts
     D:3: 721 daAuts
   IceCv: 655 daAuts
     D:7: 590 daAuts
